 Dungeon Crawl Stone Soup version 0.29-a0-923-g6e406bff71 (webtiles) character file.

Game seed: 737311992598960922

5499 Ajdolov the Zephyrmancer (level 11, -1/68 HPs)
             Began as a Human Air Elementalist on July 28, 2022.
             Was a Believer of Vehumet.
             Slain by an efreet
             ... wielding a +2 scimitar of flaming
              (4 damage)
             ... on level 8 of the Dungeon.
             The game lasted 00:23:47 (12994 turns).

Ajdolov the Zephyrmancer (Human Air Elementalist)  Turns: 12994, Time: 00:23:48

Health: -1/68      AC:  9    Str:  9    XL:     11   Next: 1%
Magic:  16/21      EV: 12    Int: 19    God:    Vehumet [**....]
Gold:   468        SH:  0    Dex: 20    Spells: 9/24 levels left

rFire   . . .      SeeInvis .   x - +0 whip (freeze)
rCold   . . .      Faith    .   (no shield)
rNeg    + . .      Spirit   .   t - +2 robe {rN+}
rPois   .          Reflect  .   (no helmet)
rElec   .          Harm     .   o - +0 cloak
rCorr   .          Rampage  .   w - +2 pair of gloves
Will    +....                   i - +0 pair of boots
Stlth   ++........              (no amulet)
HPRegen 0.21/turn               v - ring of willpower
MPRegen 0.17/turn               k - +6 ring of dexterity

@: no status effects
A: no striking features
a: Renounce Religion


You were on level 8 of the Dungeon.
You worshipped Vehumet.
Vehumet was pleased with you.
You visited 2 branches of the dungeon, and saw 9 of its levels.

You collected 468 gold pieces.

Inventory:

Hand Weapons
 x - a +0 whip of freezing (weapon)
Armour
 i - a +0 pair of boots (worn)
 o - a +0 cloak (worn)
 p - a +0 buckler
 t - a +2 robe of positive energy (worn)
 w - a +2 pair of gloves (worn)
Jewellery
 k - a +6 ring of dexterity (right hand)
 v - a ring of willpower (left hand)
Wands
 a - a wand of iceblast (6)
 q - a wand of paralysis (6)
 z - a wand of flame (42)
Scrolls
 c - 2 scrolls of blinking {unknown}
 e - 10 scrolls of identify {unknown}
 f - 7 scrolls of teleportation {unknown}
 m - a scroll of magic mapping {unknown}
 r - a scroll of silence {unknown}
 s - 3 scrolls of torment {unknown}
 y - a scroll of enchant weapon {unknown}
 B - a scroll of amnesia {unknown}
 D - 2 scrolls of immolation {unknown}
 F - a scroll of fear {unknown}
 H - 2 scrolls of poison {unknown}
Potions
 b - a potion of magic
 d - a potion of mutation {unknown}
 g - a potion of ambrosia {unknown}
 h - 4 potions of lignification {unknown}
 j - 2 potions of heal wounds {unknown}
 l - 4 potions of curing {unknown}
 n - 3 potions of might {unknown}
 u - 2 potions of haste {unknown}
 A - a potion of berserk rage {unknown}
 C - a potion of flight {unknown}
 E - 2 potions of brilliance {unknown}
 G - a potion of degeneration {unknown}
 I - a potion of attraction {unknown}


   Skills:
 - Level 2.0 Dodging
 - Level 2.0 Stealth
 + Level 7.3 Spellcasting
 - Level 10.0 Conjurations
 - Level 10.0 Air Magic


You had 9 spell levels left.
You knew the following spells:

 Your Spells              Type           Power      Damage    Failure   Level
a - Shock                 Conj/Air       100%       1d9       1%          1
b - Static Discharge      Conj/Air       44%        3-9/arc   1%          2
c - Swiftness             Air            44%        N/A       1%          3
d - Airstrike             Air            22%        0-8+      1%          4
e - Lightning Bolt        Conj/Air       22%        1d37      4%          5

Your spell library contained the following spells:

 Spells                   Type           Power      Damage    Failure   Level
 Poisonous Vapours        Pois/Air       50%        N/A       1%          2
 Apportation              Tloc           12%        N/A       10%         1
 Slow                     Hex            24%        N/A       10%         1
 Ensorcelled Hibernation  Hex/Ice        12%        N/A       16%         2
 Confusing Touch          Hex            6%         N/A       30%         3
 Spider Form              Tmut/Pois      6%         N/A       30%         3
 Vampiric Draining        Necr           6%         2d6       30%         3
 Anguish                  Hex/Necr       3%         N/A       69%         4
 Alistair's Intoxication  Tmut/Pois      4%         N/A       95%         5
 Maxwell's Capacitive Co  Air            22%        ∞         100%        8


Dungeon Overview and Level Annotations

Branches:
Dungeon (8/15)             Temple (1/1) D:5
   Lair: D:8-11

Altars:
Ashenzari
Cheibriados
Dithmenos
Elyvilon
Gozag
Kikubaaqudgha
Makhleb
Nemelex Xobeh
Okawaru
Qazlal
Ru
Sif Muna
Trog
Vehumet
Wu Jian
Yredelemnul
Zin
The Shining One

Annotations:
D:4 3 runed translucent doors, exclusion: orc warrior, megeza's ghost, amateur OgBe
D:5 1 runed translucent door, Crazy Yiuf
D:6 3 runed translucent doors, anet's ghost, novice DsNe


Message History

Casting: Lightning Bolt (dangerous; 4% risk of failure)
Confirm with . or Enter, or press ? or * to list all spells.
Aiming: Lightning Bolt (dangerous; 4% risk of failure)
Press: ? - help, Shift-Dir - straight line, f/p - efreet
Aim: an efreet, wielding a +2 scimitar of flaming (heavily wounded, 88% to hit)
You hear a mighty clap of thunder!
The bolt of lightning hits the efreet but does no damage.
The efreet is heavily wounded.
You hear a bellow!
The efreet hits you with a +2 scimitar of flaming!!
The efreet burns you!
Okay, then.
Casting: Lightning Bolt (dangerous; 4% risk of failure)
Confirm with . or Enter, or press ? or * to list all spells.
Aiming: Lightning Bolt (dangerous; 4% risk of failure)
Press: ? - help, Shift-Dir - straight line, f/p - efreet
Aim: an efreet, wielding a +2 scimitar of flaming (moderately wounded, 88% to hit)
You hear a mighty clap of thunder!
The bolt of lightning hits the efreet but does no damage.
The efreet is moderately wounded.
You hear a bellow!
The efreet hits you with a +2 scimitar of flaming!
The efreet burns you. Magic courses through your body.
The efreet hits you with a +2 scimitar of flaming!!
* * * LOW HITPOINT WARNING * * *
The efreet burns you.
* * * LOW HITPOINT WARNING * * *
Unknown command.
Casting: Lightning Bolt (dangerous; 4% risk of failure)
Confirm with . or Enter, or press ? or * to list all spells.
Aiming: Lightning Bolt (dangerous; 4% risk of failure)
Press: ? - help, Shift-Dir - straight line, f/p - efreet
Aim: an efreet, wielding a +2 scimitar of flaming (moderately wounded, 88% to hit)
You hear a mighty clap of thunder!
The bolt of lightning hits the efreet!
The efreet is severely wounded.
You hear a bellow! x2
The efreet hits you with a +2 scimitar of flaming.
You die...

#.# #.....# #.#.###.# ###
##....)####.#..##.#
#...........##.##.#
#.##.#......##.##.# ##
#.##..............# .+
#.####.....###.#### .#
#..........# #.# .#
########.#####.# .#
#.....@(÷.....# .### ###
#.####R################
.#.####.###.#....#...........#...
>....##.)........#...........'...
#.##.######.#.##.#....)......#...
#.##.# ##'######...#####...##..
#)##.### #...........# #...##..
#......# #...........# #...#...
#.##.#.# #...........# #...##..


You could see an efreet.

Vanquished Creatures
  A catoblepas (D:8)
  A two-headed ogre (D:8)
  Pikel (D:4)
  A troll (D:7)
  Grinder (D:5)
  6 yaks (D:7)
  2 steam dragons
  Menkaure (D:5)
  A water moccasin (D:7)
  2 ice beasts
  A sky beast (D:8)
  Blork the orc (D:6)
  4 lemures (D:4)
  A kobold brigand (D:7)
  4 bullfrogs
  2 necrophages
  A scorpion (D:5)
  A wight (D:8)
  4 howler monkeys
  4 hounds
  3 orc priests
  3 gnoll boudas
  3 jellies
  Jessica (D:3)
  2 iguanas
  6 orc wizards
  10 adders
  21 gnolls
  2 shadow imps
  2 ufetubi
  3 worms
  2 dart slugs
  32 orcs
  10 endoplasms
  3 giant cockroaches
  3 goblins
  3 hobgoblins
  2 jackals (D:1)
  10 kobolds
  2 quokkas (D:1)
  9 ball pythons
  5 bats
  5 frilled lizards
  9 rats
191 creatures vanquished.

Vanquished Creatures (others)
  A withered plant (D:1)
1 creature vanquished.

Grand Total: 192 creatures vanquished

Notes
Turn   | Place    | Note
-------+----------+-------------------------------------------
     0 | D:1      | Ajdolov the Human Air Elementalist began the quest for the
                  | Orb.
     0 | D:1      | Reached XP level 1. HP: 13/13 MP: 3/3
   458 | D:1      | Reached XP level 2. HP: 19/19 MP: 3/5
   588 | D:1      | Found a faded altar of an unknown god.
  1066 | D:1      | Reached XP level 3. HP: 24/24 MP: 0/6
  1544 | D:1      | Learned a level 2 spell: Static Discharge
  2032 | D:2      | Reached XP level 4. HP: 30/30 MP: 4/7
  2338 | D:2      | Found an opulent altar of Gozag.
  3232 | D:3      | Reached XP level 5. HP: 30/35 MP: 2/8
  3471 | D:3      | Noticed Jessica
  3514 | D:3      | Killed Jessica
  3739 | D:3      | Learned a level 3 spell: Swiftness
  3948 | D:3      | Reached XP level 6. HP: 21/41 MP: 2/9
  4273 | D:4      | Noticed an orc warrior
  4319 | D:4      | Reached skill level 5 in Air Magic
  5393 | D:4      | Reached XP level 7. HP: 40/46 MP: 7/11
  6083 | D:4      | Learned a level 4 spell: Airstrike
  6233 | D:4      | Noticed Pikel
  6615 | D:4      | Found a runed translucent gate.
  6615 | D:4      | Found a runed translucent gate.
  6615 | D:4      | Noticed megeza's ghost (amateur OgBe)
  6616 | D:4      | Found a runed translucent gate.
  6730 | D:4      | Killed Pikel
  6731 | D:4      | Reached XP level 8. HP: 18/52 MP: 0/14
  7105 | D:5      | Entered Level 5 of the Dungeon
  7355 | D:5      | Noticed Menkaure
  7377 | D:5      | Killed Menkaure
  7707 | D:5      | Found a staircase to the Ecumenical Temple.
  7719 | D:5      | Noticed Grinder
  7728 | Temple   | Entered the Ecumenical Temple
  7746 | Temple   | Became a worshipper of Vehumet
  7758 | D:5      | Paralysed by Grinder for 5 turns
  7766 | D:5      | Killed Grinder
  7767 | D:5      | Reached skill level 5 in Spellcasting
  7767 | D:5      | Reached skill level 5 in Conjurations
  7767 | D:5      | Reached XP level 9. HP: 45/57 MP: 3/16
  7924 | D:5      | Found a runed translucent door.
  7925 | D:5      | Noticed Crazy Yiuf
  8913 | D:6      | Found a runed translucent gate.
  8913 | D:6      | Found a runed translucent gate.
  8918 | D:6      | Noticed anet's ghost (novice DsNe)
  8919 | D:6      | Found a runed translucent gate.
  9084 | D:6      | Noticed Blork the orc
  9087 | D:6      | Killed Blork the orc
  9377 | D:6      | Reached * piety under Vehumet
  9377 | D:6      | Offered knowledge of Magic Dart by Vehumet.
  9554 | D:6      | Found a snail-covered altar of Cheibriados.
 10535 | D:7      | Reached XP level 10. HP: 37/63 MP: 6/17
 10954 | D:6      | Learned a level 5 spell: Lightning Bolt
 11013 | D:7      | Found an iron altar of Okawaru.
 11138 | D:7      | Reached skill level 10 in Air Magic
 11785 | D:8      | Noticed a two-headed ogre
 11804 | D:8      | Killed a two-headed ogre
 11805 | D:8      | Reached skill level 10 in Conjurations
 12205 | D:8      | Reached ** piety under Vehumet
 12205 | D:8      | Offered knowledge of Poisonous Vapours by Vehumet.
 12551 | D:8      | Noticed an efreet
 12551 | D:8      | Noticed a catoblepas
 12856 | D:8      | Killed a catoblepas
 12857 | D:8      | Reached XP level 11. HP: 48/68 MP: 2/21
 12993 | D:8      | HP: 3/68 [efreet/+2 scimitar of flaming (2)]
 12994 | D:8      | Slain by an efreet

Illustrated notes

Levels and vault maps discovered:
D:1:      psy_arrival_wood_between_worlds, layout_basic,
          ebering_ecumenical_altar_petrified
D:2:      layout_loops_ring, basic_altar, grunt_decor_cap, minmay_misc_feat_chi
D:3:      layout_loops_ring, uniq_jessica
D:4:      layout_loops_corners, gammafunk_ghost_split, grunt_decor_clamped,
          guppyfry_early_orc_mine, uniq_pikel
D:5:      layout_loops_ring, minmay_temple_entry_junction,
          corexii_leaking_fountain, uniq_grinder, uniq_crazy_yiuf_cottage,
          uniq_menkaure
D:6:      layout_loops_corners, mainiacjoe_overflow_boulevard,
          ebering_ghost_rock_garden, abandoned_shop, uniq_blork_the_orc
D:7:      layout_basic, mainiacjoe_overflow_alcove_2
D:8:      kennysheep_blocky_room, layout_loops_cross, solitary_fountain,
          kennysheep_small_square
Temple:   dpeg_three_leaves_temple

Skill      XL: |  1  2  3  4  5  6  7  8  9 10 |
---------------+-------------------------------+-----
Conjurations   | 2 3 4 5 7 10 | 10.0
Air Magic      | 4 5 7 8 9 10 | 10.0
Spellcasting   | 4 5 7 |  7.3
Dodging        | |  2.0
Stealth        | |  2.0

Action                   |  1- 3 |  4- 6 |  7- 9 | 10-12 || total
-------------------------+-------+-------+-------+-------++-------
Melee: Whip              |    18 |     2 |    16 |     7 ||    43
 Cast: Shock             |    59 |    78 |    37 |     5 ||   179
       Static Discharge  |     4 |    32 |    81 |    20 ||   137
       Swiftness         |       |       |     1 |     1 ||     2
       Airstrike         |       |       |    23 |    19 ||    42
       Lightning Bolt    |       |       |       |    15 ||    15
Evoke: Wand              |       |       |     3 |       ||     3
  Use: Potion            |       |       |       |     1 ||     1
 Stab: Paralysed         |       |       |     1 |       ||     1
       Sleeping          |       |       |     1 |     1 ||     2
Armor: Robe              |     6 |     6 |    25 |     8 ||    45
Dodge: Dodged            |    20 |    27 |    41 |    17 ||   105

Table legend: (Time is in decaauts)
 A = Elapsed time spent in this place.
 B = Non-inter-level travel time spent in this place.
 C = Inter-level travel time spent in this place.
 D = Time resting spent in this place.
 E = Time spent auto-exploring this place.
 F = Levels seen in this place.
 G = Mean time per level.
                   A        B        C        D        E       F      G
               +--------+--------+--------+--------+--------+-----+--------+
         Total |  12995 |  12513 |    482 |   2254 |   8486 |   9 | 1443.9 |
       Dungeon |  12970 |  12488 |    482 |   2254 |   8486 |   8 | 1621.2 |
        Temple |     24 |     24 |      0 |      0 |      0 |   1 |   24.0 |
               +--------+--------+--------+--------+--------+-----+--------+

Top non-repeatable levels by time:
     D:4: 2115 daAuts
     D:6: 2051 daAuts
     D:3: 1999 daAuts
     D:1: 1890 daAuts
     D:7: 1339 daAuts
     D:5: 1251 daAuts
     D:8: 1223 daAuts
     D:2: 1098 daAuts
  Temple: 24 daAuts
